 Seeded DCSS version 0.29.1-1-gd02db6906a (webtiles) character file.

Game seed: 17845553201672341576 (custom seed)

196 Iusername the Covered (level 5, -8/47 HPs)
             Began as a Minotaur Fighter on Sept 22, 2022.
             Killed from afar by Ijyb (11 damage)
             ... with a bolt of acid
             ... on level 4 of the Dungeon.
             The game lasted 00:03:21 (2587 turns).

Iusername the Covered (Minotaur Fighter)            Turns: 2587, Time: 00:03:21

Health: -8/47      AC:  3    Str: 20 (22) XL:     5   Next: 45%
Magic:  0/4        EV:  9    Int:  8 (9)  God:
Gold:   259        SH:  4    Dex:  9 (10) Spells: 4/4 levels left

rFire   . . .      SeeInvis +   a - +0 trident
rCold   x . .      Faith    .   c - +0 buckler
rNeg    + . .      Spirit   +   b - +0 scale mail
rPois   +          Reflect  .   (helmet restricted)
rElec   .          Harm     .   (no cloak)
rCorr   .          Rampage  .   (no gloves)
Will    .....                   (no boots)
Stlth   +.........              j - amulet of Levity {Spirit rF- rN+ SInv}
HPRegen 0.15/turn               m - ring of the Circus Animal {Fire rPois Int+4 Stlth+}
MPRegen 0.09/turn               (no ring)

@: corroded
A: horns 2, retaliatory headbutt
a: no special abilities


You were on level 4 of the Dungeon.
You visited 1 branch of the dungeon, and saw 4 of its levels.

You collected 259 gold pieces.

Inventory:

Hand Weapons
 a - a +0 trident (weapon)
Armour
 b - a +0 scale mail (worn)
 c - a +0 buckler (worn)
Jewellery
 j - the amulet of Levity (around neck) {Spirit rF- rN+ SInv}
   (You acquired it on level 1 of the Dungeon)

   [amulet of guardian spirit]

   It causes incoming damage to be divided between your reserves of health and
   magic.
   rF:        It makes you vulnerable to fire.
   rN:        It protects you from negative energy.
   SInv:      It lets you see invisible.
 m - the ring of the Circus Animal (left hand) {Fire rPois Int+4 Stlth+}
   (You acquired it on level 1 of the Dungeon)

   [ring of fire]

   It enhances your fire magic.
   Int:       It affects your intelligence (+4).
   rF:        It protects you from fire.
   rC:        It makes you vulnerable to cold.
   rPois:     It protects you from poison.
   Stlth:     It makes you more stealthy.
 n - a +6 ring of intelligence
Scrolls
 e - 6 scrolls of identify {unknown}
 f - 2 scrolls of torment {unknown}
 g - a scroll of fear {unknown}
 k - 4 scrolls of teleportation {unknown}
Potions
 d - a potion of might
 h - a potion of heal wounds {unknown}
 i - 2 potions of degeneration
 l - 2 potions of curing {unknown}
 o - 2 potions of lignification {unknown}
 p - a potion of magic {unknown}


   Skills:
 + Level 4.4 Fighting
 + Level 4.1 Polearms
 + Level 5.3 Armour
 + Level 1.0 Dodging
 + Level 0.1 Stealth
 + Level 4.3 Shields


You had 4 spell levels left.
You didn't know any spells.
Your spell library contained the following spells:

 Spells                   Type           Power      Damage    Failure   Level
 Necrotise                Necr           0%         1d4       83%         1
 Vampiric Draining        Necr           0%         2d6       99%         3
 Olgreb's Toxic Radiance  Pois           0%         N/A       100%        4
 Agony                    Necr           0%         N/A       100%        5
 Ozocubu's Refrigeration  Ice            0%         4d7       100%        7
 Ignition                 Fire           0%         3d3       100%        8


Dungeon Overview and Level Annotations

Branches:
Dungeon (4/15)
 Temple: D:4-7

Altars:
Gozag
Hepliaklqana
Trog

Annotations:
D:3 1 runed translucent door, Icepheonix32's ghost, amateur DrFE
D:4 Ijyb


Innate Abilities, Weirdness & Mutations

You have a pair of horns on your head.
You reflexively headbutt those who attack you in melee.


Message History

Unknown command.
Ijyb is nearby!
You completely miss Ijyb. Your headbutt misses Ijyb.
Ijyb is lightly wounded.
Ijyb zaps a wand.
The bolt of acid hits you!! Ijyb hits you with a +0 dagger.
* * * LOW HITPOINT WARNING * * *
You closely miss Ijyb.
Ijyb is lightly wounded.
Ijyb hits you with a +0 dagger.
* * * LOW HITPOINT WARNING * * *
You hit Ijyb but do no damage.
Ijyb is lightly wounded.
Ijyb hits you but does no damage.
You hit Ijyb but do no damage.
Ijyb is lightly wounded.
Ijyb zaps a wand.
The bolt of acid hits you!
* * * LOW HITPOINT WARNING * * *
The acid corrodes you!
It was a potion of degeneration.
There was something very wrong with that liquid.
You feel weakened.
You feel dopey.
You feel clumsy. You block Ijyb's attack.
You barely miss Ijyb. Your headbutt misses Ijyb.
Ijyb is lightly wounded.
You block Ijyb's attack.
You hit Ijyb but do no damage.
Ijyb is lightly wounded.
Ijyb hits you with a +0 dagger.
You hit Ijyb but do no damage.
Ijyb is lightly wounded.
Ijyb hits you with a +0 dagger.
* * * LOW HITPOINT WARNING * * *
You barely miss Ijyb. You headbutt Ijyb, but do no damage.
Ijyb is lightly wounded.
Ijyb hits you with a +0 dagger.
* * * LOW HITPOINT WARNING * * *
You hit Ijyb but do no damage. You headbutt Ijyb, but do no damage.
Ijyb is lightly wounded.
You block Ijyb's attack.
Ijyb zaps a wand.
The bolt of acid hits you!
You die...

####.##.# .#.
#.......# ...
#.##.#### ...
#.##.# #.# #.##.#
#.# #.##.# #.#
#.##<#
#######.######.##.#
......g@.......##.#
#######.#########.#
#?# #.# #.# #.# #..
..# ### ###


You could see Ijyb.

Vanquished Creatures
  An ice beast (D:3)
  Robin (D:2)
  3 adders
  A worm (D:3)
  5 orcs (D:3)
  4 bats
  3 endoplasms
  5 giant cockroaches
  16 goblins
  6 hobgoblins (D:2)
  2 jackals (D:2)
  3 ball pythons
  2 frilled lizards
  A kobold (D:1)
  5 rats
58 creatures vanquished.

Vanquished Creatures (others)
  2 withered plants (D:3)
2 creatures vanquished.

Grand Total: 60 creatures vanquished

Notes
Turn   | Place    | Note
-------+----------+-------------------------------------------
     0 | D:1      | Iusername the Minotaur Fighter began the quest for the Orb.
     0 | D:1      | Reached XP level 1. HP: 19/19 MP: 0/0
   240 | D:1      | Found a faded altar of an unknown god.
   286 | D:1      | Reached XP level 2. HP: 27/27 MP: 1/1
   302 | D:1      | You fall into a shaft and drop 1 floor!
   313 | D:2      | Reached skill level 4 in Armour
   481 | D:2      | Reached XP level 3. HP: 29/33 MP: 2/2
   491 | D:2      | Noticed Robin
   543 | D:2      | Killed Robin
  1065 | D:2      | Reached XP level 4. HP: 40/40 MP: 3/3
  1576 | D:1      | Identified 2 scrolls of acquirement
  1576 | D:1      | Acquired the ring of the Circus Animal {Fire rPois Int+4
                  | Stlth+}
  1578 | D:1      | Acquired the amulet of Levity {Spirit rF- rN+ SInv}
  1642 | D:3      | Reached skill level 5 in Armour
  1753 | D:3      | Found a hazy altar of Hepliaklqana.
  1775 | D:3      | Found a bloodstained altar of Trog.
  2046 | D:3      | Noticed an ice beast
  2053 | D:3      | Killed an ice beast
  2054 | D:3      | Reached skill level 1 in Dodging
  2054 | D:3      | Reached XP level 5. HP: 47/47 MP: 4/4
  2092 | D:3      | Found an opulent altar of Gozag.
  2236 | D:3      | Found a runed translucent door.
  2243 | D:3      | Noticed Icepheonix32's ghost (amateur DrFE)
  2569 | D:4      | Noticed Ijyb
  2587 | D:4      | Killed from afar by Ijyb

Illustrated notes

Levels and vault maps discovered:
D:1:      lordsloth_arrival_two_stooges, layout_basic,
          shapermc_ecumenical_altar_petra, dk_noncrumbling_4
D:2:      layout_basic, uniq_robin
D:3:      layout_loops_ring, nicolae_gozag_seed_capital,
          nzn_hepliaklqana_mist_gate, mainiacjoe_overflow_catwalk,
          gammafunk_ghost_grave, kennysheep_nub, chequers_serial_rivers_room_a,
          hangedman_abyss_or_decor_stabs
D:4:      layout_basic, elyvilon_altar_4, nicolae_overflow_two_pavilions,
          st_stairs_4, uniq_menkaure, uniq_ijyb

Skill      XL: |  1  2  3  4 |
---------------+-------------+-----
Armour         | 4 5 |  5.3
Fighting       | 4 |  4.4
Shields        | 4 |  4.3
Polearms       | 4 |  4.1
Dodging        | 1 |  1.0
Stealth        | |  0.1

Action                   |  1- 3 |  4- 6 || total
-------------------------+-------+-------++-------
Melee: Trident           |    82 |    67 ||   149
       Headbutt          |    10 |     8 ||    18
  Use: Potion            |     1 |     1 ||     2
       Scroll            |       |     2 ||     2
Armor: Scale mail        |    55 |    28 ||    83
Dodge: Dodged            |    50 |    13 ||    63
Block: Buckler           |    24 |    10 ||    34
